 Dungeon Crawl Stone Soup version 0.17.0-25-gefc9c12 (webtiles) character file.

380 Raultor the Insei (level 6, 0/39 HPs)
             Began as an Octopode Transmuter on Nov 18, 2015.
             Succumbed to a worker ant's poison
             ... on level 4 of the Dungeon.
             The game lasted 00:08:44 (3382 turns).

Raultor the Insei (Octopode Transmuter)             Turns: 3382, Time: 00:08:44

Health: 0/39       AC:  1    Str:  9      XL:     6   Next: 75%
Magic:  9/9        EV: 18    Int: 16      God:
Gold:   214        SH:  0    Dex: 15 (19) Spells: 2 memorised, 4 levels left

rFire  . . .     SeeInvis .       - Unarmed
rCold  . . .     Clarity  .     (no shield)
rNeg   . . .     SustAt   .     (helmet restricted)
rPois  .         Gourm    .     (no amulet)
rElec  .         Spirit   .     (no ring)
rCorr  .         Warding  .     (no ring)
rMut   .         Stasis   .     (no ring)
MR     .....                    (no ring)
Stlth  +++.......               (no ring)
                                (no ring)
                                (no ring)
                                (no ring)

@: agile, lethally poisoned (0 -> -6), very slightly contaminated, hasted, very
quick, not resistant to hostile enchantments, fairly stealthy
A: almost no armour, amphibious, 8 rings, constrict 8, camouflage 1, gelatinous
body 1
a: no special abilities


You were on level 4 of the Dungeon.
You were not hungry.

You visited 1 branch of the dungeon, and saw 4 of its levels.

You collected 214 gold pieces.

Inventory:

Missiles
 a - 26 arrows
 g - 168 stones (quivered)
Scrolls
 r - a scroll of identify {unknown}
 s - a scroll of enchant armour {unknown}
Potions
 e - a potion of agility
 f - a potion of heal wounds {unknown}
 m - a potion of lignification {unknown}
 o - a potion of poison {unknown}
 p - a potion of degeneration
Books
 b - a book of Changes

   Spells                             Type                      Level
   a - Beastly Appendage              Transmutation                1
   b - Sticks to Snakes               Transmutation                2
   c - Spider Form                    Transmutation/Poison         3
   d - Ice Form                       Ice/Transmutation            4
   e - Blade Hands                    Transmutation                5
Comestibles
 c - a bread ration
 i - a meat ration
 n - a beef jerky


   Skills:
 - Level 1.7 Fighting
 - Level 3.0 Dodging
 - Level 4.4 Unarmed Combat
 - Level 2.0 Spellcasting
 + Level 4.1 Transmutations
 + Level 3.2 Ice Magic


You had 4 spell levels left.
You knew the following spells:

 Your Spells              Type           Power        Failure   Level  Hunger
a - Beastly Appendage     Trmt           ##....       4%          1    #......
b - Ice Form              Ice/Trmt       ##......     50%         4    #####..


Dungeon Overview and Level Annotations

Branches:
Dungeon (4/15)
 Temple: D:4-7

Altars:
Fedhas
The Shining One

Shops:
D:4 (


Innate Abilities, Weirdness & Mutations

You cannot wear most types of armour.
You are amphibious.
You can wear up to eight rings at the same time.
You can use your tentacles to constrict eight enemies at once.
Your skin changes colour to match your surroundings (Stealth).
Your rubbery body absorbs attacks (AC +1).


Message History

Drink which item? (? for menu, Esc to quit)
It was a potion of haste.
You feel yourself speed up.
You constrict the worker ant.
* * * LOW HITPOINT WARNING * * *
You feel sick. The worker ant closely misses you.
You are very lightly contaminated with residual magic.
Drink which item? (? for menu, Esc to quit)
It was a potion of agility.
You feel agile all of a sudden.
You constrict the worker ant.
* * * LOW HITPOINT WARNING * * *
You feel sick. The worker ant misses you.
Drink which item? (? for menu, Esc to quit)
It was a potion of degeneration.
There was something very wrong with that liquid.
You feel clumsy.
You constrict the worker ant. The worker ant barely misses you.
You tentacle-slap the worker ant.
You kill the worker ant!
You die...

..#...
###....#.
#........
#∩..#
#.#.#
#.#.#
#<#..
#÷#..
#@#a#
#.#.#
#.#.#
##.#.#
#....#
#.#(##
#...#
#..## #..


There were no monsters in sight!

Vanquished Creatures
  The ghost of Raultor the Changer, an amateur OpTm (D:3)
  A centaur skeleton (D:4)
  Ijyb (D:2)
  A hound (D:3)
  A worker ant (D:4)
  6 adders
  4 gnolls (D:3)
  3 worms
  A giant gecko (D:2)
  An orc (D:2)
  2 ball pythons
  7 hobgoblins
  8 jackals (D:3)
  3 quokkas
  7 bats
  2 giant cockroaches (D:3)
  4 giant newts
  4 goblins
  2 kobolds
  10 rats
69 creatures vanquished.

Vanquished Creatures (others)
  4 fungi (D:3)
4 creatures vanquished.

Grand Total: 73 creatures vanquished

Notes
Turn   | Place    | Note
--------------------------------------------------------------
     0 | D:1      | Raultor the Octopode Transmuter began the quest for the Orb.
     0 | D:1      | Reached XP level 1. HP: 13/13 MP: 3/3
   184 | D:1      | You fall through a shaft!
   184 | D:2      | Noticed Ijyb
   557 | D:2      | Reached XP level 2. HP: 18/18 MP: 5/5
   722 | D:2      | Killed Ijyb
   722 | D:2      | Reached skill level 4 in Unarmed Combat
   722 | D:2      | Reached XP level 3. HP: 12/23 MP: 6/6
   896 | D:2      | Reached XP level 4. HP: 21/28 MP: 7/7
  1059 | D:2      | Found a glowing golden altar of the Shining One.
  1594 | D:2      | Learned a level 4 spell: Ice Form
  1752 | D:3      | Found a blossoming altar of Fedhas.
  1784 | D:3      | Reached skill level 1 in Ice Magic
  1784 | D:3      | Reached XP level 5. HP: 34/34 MP: 8/8
  2227 | D:3      | Noticed Raultor's ghost (amateur OpTm)
  2685 | D:3      | Killed Raultor's ghost
  2685 | D:3      | Reached XP level 6. HP: 12/39 MP: 9/9
  3238 | D:4      | Found Detz's Weapon Emporium.
  3380 | D:4      | HP: 1/39 [poisoned by a worker ant]
  3382 | D:4      | Succumbed to a worker ant's poison

Action                   |  1- 3 |  4- 6 || total
-------------------------+-------+-------++-------
Melee: Unarmed           |    41 |   139 ||   180
Throw: Stone             |       |    17 ||    17
  Use: Scroll            |       |     4 ||     4
       Potion            |       |     7 ||     7
 Stab: Sleeping          |     4 |     5 ||     9
       Distracted        |       |     1 ||     1
  Eat: Chunk             |       |     8 ||     8
